Map: Lerilak Crest

Players

AgCl

  • Race: Protoss Protoss

Whaittis - Winner!

  • Race: Zerg Zerg

VOD

Have the link to the VOD?

Description

Time

  • Played on: May 3, 2015, 5:38 a.m.
  • Length: 5:27
Show
View Real Time Build Order
Export as new Build Order

AgCl Protoss 

Build Orders: 1 Gate Expand, Oracle Opening, Oracle Opening 

Get SALT Encoding   

  12  0:02  Probe  
  14  0:14  Probe  
  14  0:27  Pylon  
  14  0:39  Assimilator  
  14  0:45  Probe  
  16  0:57  Probe (Chrono Boost)  
  16  0:59  Gateway  
  16  1:09  Probe (Chrono Boost)  
  17  1:15  Probe (Chrono Boost)  
  18  1:29  Probe  
  19  1:35  Nexus  
  19  1:47  Pylon  
  20  1:52  Cybernetics Core  
  19  2:00  Probe  
  20  2:01  Assimilator  
  20  2:12  Probe  
  21  2:24  Probe (Chrono Boost), Pylon  
  21  2:28  Stargate  
  22  2:32  Warp Gate (Chrono Boost)  
  22  2:36  Probe (Chrono Boost)  
  23  2:49  Probe (Chrono Boost)  
  26  2:51  Mothership Core (Chrono Boost)  
  26  2:56  Probe (Chrono Boost)  
  27  2:59  Zealot (Chrono Boost)  
  27  3:03  Probe  
  27  3:04  Probe  
  31  3:13  Oracle (Chrono Boost)  
  31  3:15  Probe  
  35  3:23  Gateway  
  35  3:31  Gateway  
  35  3:36  Pylon  
  35  3:39  Probe (Chrono Boost)  
  36  3:44  Zealot  
  36  3:47  Probe (Chrono Boost)  
  40  3:56  Probe (Chrono Boost)  
  40  4:01  Pylon  
  40  4:04  Probe  
  40  4:05  Probe  
  41  4:12  Void Ray (Chrono Boost)  
  41  4:17  Probe  
  46  4:18  Probe  
  47  4:25  Assimilator  
  47  4:29  Probe, Assimilator  
  47  4:30  Probe  
  47  4:38  Gateway x2  
  47  4:41  Probe  
  47  4:42  Probe  
  49  5:00  Zealot  
Show
View Real Time Build Order
Export as new Build Order

Whaittis Zerg - Winner!

Build Orders: Hatch First 

Get SALT Encoding   

  12  0:01  Drone  
  13  0:13  Drone  
  14  0:16  Overlord  
  14  0:23  Drone, Extractor  
  15  0:37  Drone x2  
  17  0:46  Drone  
  18  0:58  Drone  
  18  1:01  Hatchery  
  18  1:07  Drone  
  19  1:15  Spawning Pool  
  19  1:18  Drone  
  19  1:28  Drone  
  20  1:45  Overlord  
  20  1:46  Hatchery  
  19  1:54  Drone  
  20  2:00  Extractor  
  19  2:01  Queen  
  19  2:02  Drone  
  22  2:14  Queen  
  22  2:15  Zergling x2  
  25  2:17  Drone  
  26  2:23  Drone  
  27  2:30  Overlord  
  27  2:33  Spine Crawler  
  26  2:41  Queen  
  28  2:45  Drone  
  28  2:47  Drone  
  30  2:53  Overlord  
  30  3:02  Queen  
  32  3:06  Drone  
  32  3:10  Drone  
  34  3:13  Drone  
  34  3:17  Metabolic Boost  
  35  3:24  Drone x2  
  35  3:25  Drone  
  38  3:28  Drone  
  38  3:31  Zergling x2  
  38  3:33  Zergling x2  
  41  3:39  Drone x2  
  43  3:48  Drone  
  43  3:49  Spine Crawler  
  43  3:56  Drone x3  
  43  3:57  Drone x3  
  45  4:18  Spore Crawler  
  45  4:19  Zergling x4  
  45  4:20  Zergling x16  
  53  4:47  Drone x2  
  53  4:48  Drone  
  56  4:54  Extractor  
  56  4:55  Extractor  
  56  4:58  Extractor  
  48  5:24  Evolution Chamber  
  48  5:27  Evolution Chamber  
Tags
 
Add a new tag
Caveats
  • Supply blocks, unpowered buildings, or Contaminate may cause inaccurate times.
  • Supply counts are checked every 10 seconds.